 Dungeon Crawl Stone Soup version 0.27.0-1-g7a089689b8 (webtiles) character file.

Game seed: 120841333967472695

11349 ABBCCCDDDD the Blocker (level 11, -2/60 HPs)
             Began as a Vine Stalker Fighter on Aug 16, 2021.
             Was a Believer of Wu Jian.
             Slain by Urug (13 damage)
             ... while petrified by Jorgrun
             ... on level 12 of the Dungeon.
             The game lasted 00:31:54 (11842 turns).

ABBCCCDDDD the Blocker (Vine Stalker Fighter)      Turns: 11842, Time: 00:31:54

Health: -2/60      AC:  9    Str: 21    XL:     11   Next: 76%
Magic:  0/12       EV:  2    Int:  9    God:    Wu Jian [**....]
Gold:   554        SH:  0    Dex: 14    Spells: 10/10 levels left

rFire    . . .     SeeInvis .   a - +0 rapier
rCold    . . .     Faith    .   c - +0 kite shield
rNeg     + + +     Spirit   +   i - +0 chain mail
rPois    ∞         Reflect  .   f - +0 helmet
rElec    .         Harm     .   (no cloak)
rCorr    +         Rampage  .   (no gloves)
Will     +....                  (no boots)
Stlth    +.........             k - amulet of magic regeneration
HPRegen  1.20/turn              d - ring of poison resistance
MPRegen  0.38/turn              C - ring of resist corrosion

@: petrified
A: fangs 3, regeneration 1, magic shield, antimagic bite, no potion heal 2
a: Renounce Religion, Wall Jump


You were on level 12 of the Dungeon.
You worshipped Wu Jian.
Wu Jian was pleased with you.
You visited 2 branches of the dungeon, and saw 13 of its levels.
You also visited: Sewer.

You collected 590 gold pieces.
You spent 36 gold pieces at shops.

Inventory:

Hand Weapons
 a - a +0 rapier (weapon)
 p - a +2 vampiric short sword
 D - a +0 dagger of venom
 O - the +10 war axe of Generosity {flame, rC+ Dex+3}
   (You found it on level 10 of the Dungeon)

   It burns those it strikes, dealing additional fire damage.
   Big, fiery blades are also staple armaments of hydra-hunters.
   Dex:       It affects your dexterity (+3).
   rC:        It protects you from cold.
Missiles
 v - 32 poisoned darts (quivered)
Armour
 c - a +0 kite shield (worn)
 f - a +0 helmet (worn)
 i - a +0 chain mail (worn)
Jewellery
 d - a ring of poison resistance (left hand)
 k - an amulet of magic regeneration (around neck)
 q - a ring of see invisible
 C - a ring of resist corrosion (right hand)
 L - a ring of wizardry
 N - an amulet of reflection
 P - a ring of magical power
 T - an amulet of the acrobat
Wands
 r - a wand of acid (7)
 F - a wand of iceblast (2)
 G - a wand of polymorph (10)
 K - a wand of flame (48)
Scrolls
 j - 6 scrolls of blinking
 l - a scroll of enchant armour
 m - 3 scrolls of teleportation
 y - a scroll of fog
 B - 2 scrolls of noise
 E - a scroll of fear
 H - a scroll of holy word
 I - a scroll of enchant weapon {unknown}
 J - a scroll of magic mapping {unknown}
 M - 2 scrolls of amnesia
 R - a scroll of vulnerability {unknown}
 S - a scroll of summoning {unknown}
 U - a scroll of torment {unknown}
Potions
 b - a potion of degeneration {unknown}
 e - 2 potions of brilliance
 g - 5 potions of lignification
 h - a potion of berserk rage {unknown}
 n - a potion of ambrosia {unknown}
 o - 2 potions of haste
 s - 7 potions of curing
 t - 3 potions of mutation
 u - 3 potions of resistance
 w - 2 potions of might
 x - a potion of magic {unknown}
 z - a potion of cancellation {unknown}
 A - 6 potions of heal wounds {unknown}
 Q - a potion of invisibility {unknown}


   Skills:
 - Level 8.0 Fighting
 - Level 10.0 Short Blades
 - Level 2.4 Armour
 - Level 8.0 Stealth
 + Level 10.5 Shields


You had 10 spell levels left.
You didn't know any spells.
Your spell library contained the following spells:

 Spells                   Type           Power      Damage    Failure   Level
 Sting                    Tmut/Pois      0%         1d3       100%        1
 Poisonous Vapours        Pois/Air       0%         N/A       100%        2
 Gell's Gravitas          Tloc           0%         N/A       100%        3
 Ozocubu's Armour         Ice            0%         N/A       100%        3
 Teleport Other           Tloc           0%         N/A       100%        3
 Olgreb's Toxic Radiance  Pois           0%         N/A       100%        4
 Summon Ice Beast         Ice/Summ       0%         N/A       100%        4
 Summon Mana Viper        Hex/Summ       0%         N/A       100%        5
 Dispersal                Tloc           0%         N/A       100%        6
 Monstrous Menagerie      Summ           0%         N/A       100%        7
 Ozocubu's Refrigeration  Ice            0%         4d5       100%        7


Dungeon Overview and Level Annotations

Branches:
Dungeon (12/15)            Temple (1/1) D:4            Lair (0/6) D:8
  Sewer (visited)
    Orc: D:9-12

Altars:
Ashenzari
Cheibriados
Dithmenos
Elyvilon
Fedhas
Gozag
Hepliaklqana
Kikubaaqudgha
Makhleb
Nemelex Xobeh
Okawaru
Qazlal
Ru
Sif Muna
Trog
Uskayaw
Vehumet
Wu Jian
Xom
Yredelemnul
Zin
The Shining One

Shops:
D:2 (   D:3 !   D:7 =   D:11 =

Annotations:
D:5 exclusion: downstairs
D:9 exclusions: oklob plant and oklob sapling
D:12 Jorgrun, Urug


Innate Abilities, Weirdness & Mutations

You have razor-sharp teeth.
Your natural rate of healing is unusually fast.
When hurt, damage is shared between your health and your magic reserves.
Your bite disrupts and absorbs the magic of your enemies.
Potions cannot restore your health.


Message History

There is an open door here.
You pick up a There-And-Back Book and begin reading...
You add the spells Gell's Gravitas, Teleport Other and Dispersal to your library.
Urug the Orcish Ballista comes into view.
She is wielding a +1 great sword, wearing a +0 scale mail of positive energy and carrying a wand of polymorph (7).
Urug shouts!
You hear a shout!
Urug throws a javelin.
The javelin barely misses you.
You hear a grinding noise.
You hear a shout!
Found 33 gold pieces.
You hear a grinding noise.
You hear a grinding noise.
There is an open door here.
There is an open door here.
Jorgrun Earthshaker comes into view.
He is wielding a +0 vorpal quarterstaff.
Jorgrun shouts!
There is an open door here.
You spin and attack Urug repeatedly.
You hit Urug but do no damage. Your bite misses Urug. You closely miss Urug.
Urug zaps a wand.
You resist with almost no effort.
You spin and attack Urug repeatedly.
You closely miss Urug. You bite Urug, but do no damage. You closely miss Urug.
You bite Urug. You drain her power.
Urug is lightly wounded.
Jorgrun points at you and mumbles some strange words.
You are slowing down.
Urug barely misses you.
Some rock shatters into small pieces.
Urug throws a javelin.
The javelin pierces through you! Jorgrun casts a spell past you.
The wall shatters!
The blast of rock fragments hits you!!!
Your limbs are stiffening.
There is an escape hatch in the ceiling, spattered with blood here.
Jorgrun points at you and mumbles some strange words.
The iron shot hits you!!!
* * * LOW HITPOINT WARNING * * *
Urug zaps a wand.
You resist with almost no effort.
You have turned to stone.
Jorgrun gestures at you while chanting. Urug hits you with a +1 great sword!
* * * LOW HITPOINT WARNING * * *
Urug hits you with a +1 great sword!!
You die...

### ####### ## ..# #.....# #####
#.# #.# #.....# #...# #.#
..###.....# #...##.#
..........####...#.##############
..........'..'...'...............
..#.......####.o@################
#.#.#[....####.g##.#### .
....'<....'............ #.
#+#.#.....###.....##.. #.
........### #.....# #. ...######
#......# #. ...# #.^...#.# #.
...# #...... . #### #...o........


You could see Jorgrun and Urug.

Levels and vault maps discovered:
D:1:      kb_arrival_jail, layout_basic, shapermc_ecumenical_altar_hornbeckon
D:2:      layout_basic, basic_altar, serial_shops, shop, cheibrodos_gnoll_hut
D:3:      layout_basic, gup_sewer_entry_spiral, serial_shops,
          nicolae_lakefront_shop
D:4:      layout_rooms, mainiacjoe_overflow_two_lobes,
          nicolae_overflow_crystal_walls, minmay_temple_entry_oklob,
          minmay_quantized
D:5:      layout_loops_cross, makhleb_heckhound_becter, lemuel_tele_altar
D:6:      kennysheep_slugbush, layout_rooms, uniq_grinder
D:7:      layout_cave_pods, grunt_temple_overflow_forces_of_nature,
          serial_shops, shop
D:8:      layout_basic, grunt_lair_entry_orc_guard_hut, uniq_maurice
D:9:      layout_loops_ring, mainiacjoe_overflow_small_starburst,
          introduction_to_nature_2
D:10:     layout_irregular_city, tso_oasis_becter
D:11:     layout_rooms, serial_shops, nicolae_stop_n_shop_1, minivault_20
D:12:     layout_basic, david_orc_2, uniq_urug, uniq_jorgrun
Temple:   nicolae_temple_figure_eight

Notes
Turn   | Place    | Note
-------+----------+-------------------------------------------
     0 | D:1      | ABBCCCDDDD the Vine Stalker Fighter began the quest for the
                  | Orb.
     0 | D:1      | Reached XP level 1. HP: 11/11 MP: 2/2
     2 | D:1      | Noticed a troll
     2 | D:1      | Noticed a palentonga
     4 | D:1      | Noticed a minotaur
     6 | D:1      | Noticed a tengu
     9 | D:1      | Noticed a demonspawn
    11 | D:1      | Noticed a dwarf
    11 | D:1      | Noticed a naga
    13 | D:1      | Noticed an ogre
    13 | D:1      | Noticed a gargoyle
    15 | D:1      | Noticed a djinni
    15 | D:1      | Noticed an elf
    17 | D:1      | Noticed a draconian
    17 | D:1      | Noticed a formicid
    19 | D:1      | Noticed a spriggan
    19 | D:1      | Noticed an octopode
    21 | D:1      | Noticed a ghoul
    21 | D:1      | Noticed a barachi
    23 | D:1      | Noticed a human
    23 | D:1      | Noticed a merfolk
    25 | D:1      | Noticed a felid
    25 | D:1      | Noticed a vine stalker
    27 | D:1      | Noticed a demigod
    27 | D:1      | Noticed a vampire
   281 | D:1      | Reached skill level 1 in Stealth
   383 | D:1      | Reached XP level 2. HP: 16/16 MP: 3/3
  1007 | D:1      | Found a faded altar of an unknown god.
  1336 | D:1      | Reached XP level 3. HP: 17/19 MP: 4/4
  1766 | D:2      | Gained mutation: Your natural rate of healing is unusually
                  | fast. [Vine Stalker growth]
  1766 | D:2      | Reached XP level 4. HP: 23/23 MP: 5/5
  1879 | D:2      | Found a snail-covered altar of Cheibriados.
  2021 | D:2      | Found Wuisch's Weapon Shoppe.
  2303 | D:2      | Reached XP level 5. HP: 27/27 MP: 6/6
  2639 | D:3      | Found Mekhaigg's Distillery.
  2649 | D:3      | Bought a potion of curing for 36 gold pieces
  2757 | D:3      | Reached skill level 5 in Stealth
  2982 | D:3      | Reached XP level 6. HP: 32/32 MP: 7/7
  3045 | D:3      | Found a glowing drain.
  3049 | Sewer    | Entered a sewer
  3322 | Sewer    | Reached XP level 7. HP: 32/35 MP: 8/8
  3980 | D:4      | Found a staircase to the Ecumenical Temple.
  4362 | D:4      | Found a basalt altar of Yredelemnul.
  4527 | D:4      | Found a snail-covered altar of Cheibriados.
  4558 | D:4      | Found a bloodstained altar of Trog.
  4618 | D:5      | Entered Level 5 of the Dungeon
  4963 | D:5      | Found a burning altar of Makhleb.
  4994 | D:5      | Gained mutation: You have razor-sharp teeth. [Vine Stalker
                  | growth]
  4994 | D:5      | Reached XP level 8. HP: 38/39 MP: 9/9
  5207 | D:5      | Found a shimmering altar of Xom.
  5510 | D:6      | Reached skill level 5 in Shields
  5541 | D:6      | Noticed Grinder
  5548 | D:6      | Paralysed by Grinder for 3 turns
  5569 | D:6      | Killed Grinder
  5570 | D:6      | Reached skill level 5 in Short Blades
  5874 | D:6      | Reached XP level 9. HP: 38/43 MP: 7/10
  6403 | D:7      | Found Qick's Jewellery Shop.
  6526 | D:7      | Found a stormy altar of Qazlal.
  6551 | D:7      | Found a blossoming altar of Fedhas.
  6581 | D:7      | Noticed a hornet
  6604 | D:7      | HP: 2/45 [hornet (5)]
  6659 | D:7      | Killed a hornet
  7071 | Temple   | Entered the Ecumenical Temple
  7187 | Temple   | Became a worshipper of the Wu Jian Council
  7635 | D:8      | Noticed Maurice
  7714 | D:8      | Found a staircase to the Lair.
  7860 | D:8      | Reached skill level 5 in Fighting
  7860 | D:8      | Reached XP level 10. HP: 44/51 MP: 11/11
  8290 | D:8      | Killed Maurice
  8308 | D:8      | Reached * piety under Wu Jian
  8542 | D:8      | Noticed a two-headed ogre
  8653 | D:8      | Killed a two-headed ogre
  9040 | D:9      | Found a white marble altar of Elyvilon.
  9326 | D:9      | You fall into a shaft and drop 3 floors!
  9327 | D:12     | Noticed an unseen horror
  9347 | D:12     | Killed an unseen horror
  9408 | D:11     | Found Morokhu's Jewellery Shoppe.
  9411 | D:11     | Noticed a boulder beetle
  9417 | D:10     | Entered Level 10 of the Dungeon
  9435 | D:10     | Reached XP level 11. HP: 58/58 MP: 12/12
  9492 | D:10     | Found a glowing golden altar of the Shining One.
  9606 | D:9      | Noticed a two-headed ogre
  9916 | D:9      | Killed a two-headed ogre
  9916 | D:9      | Reached ** piety under Wu Jian
 10178 | D:9      | Noticed an oklob plant
 10955 | D:10     | Identified the +10 war axe of Generosity {flame, rC+ Dex+3}
 11094 | D:11     | Noticed a six-headed hydra
 11143 | D:11     | Noticed a two-headed ogre
 11162 | D:11     | Killed a two-headed ogre
 11215 | D:11     | Noticed a centaur warrior
 11232 | D:11     | Killed a centaur warrior
 11233 | D:11     | Reached skill level 10 in Shields
 11714 | D:12     | Noticed a two-headed ogre
 11732 | D:12     | Killed a two-headed ogre
 11733 | D:12     | Reached skill level 10 in Short Blades
 11821 | D:12     | Noticed Urug
 11836 | D:12     | Noticed Jorgrun
 11842 | D:12     | Slain by Urug

Table legend: (Time is in decaauts)
 A = Elapsed time spent in this place.
 B = Non-inter-level travel time spent in this place.
 C = Inter-level travel time spent in this place.
 D = Time resting spent in this place.
 E = Time spent auto-exploring this place.
 F = Levels seen in this place.
 G = Mean time per level.
                   A        B        C        D        E       F      G
               +--------+--------+--------+--------+--------+-----+--------+
         Total |  12086 |  11247 |    839 |   1008 |   6137 |  14 |  863.3 |
       Dungeon |  11336 |  10530 |    806 |    988 |   5729 |  12 |  944.7 |
        Temple |    244 |    211 |     33 |      0 |    197 |   1 |  244.0 |
         Sewer |    505 |    505 |      0 |     20 |    211 |   1 |  505.0 |
               +--------+--------+--------+--------+--------+-----+--------+

Top non-repeatable levels by time:
     D:1: 1724 daAuts
     D:9: 1212 daAuts
     D:7: 1165 daAuts
    D:10: 1161 daAuts
     D:3: 1145 daAuts
     D:8: 1105 daAuts
     D:4: 914 daAuts
     D:5: 883 daAuts
     D:6: 793 daAuts
     D:2: 707 daAuts
   Sewer: 505 daAuts
    D:12: 304 daAuts
  Temple: 244 daAuts
    D:11: 218 daAuts

Table legend:
 A = Kills in this place as a percentage of kills in entire the game.
 B = Kills by you in this place as a percentage of kills by you in the entire game.
 C = Kills by friends in this place as a percentage of kills by friends in the entire game.
 D = Other kills in this place as a percentage of other kills in the entire game.
 E = Experience gained in this place as a percentage of experience gained in the entire game.
 F = Experience gained in this place divided by the number of levels of this place that you have seen.
                   A       B       C       D       E      F
               +-------+-------+-------+-------+-------+----------------------
         Total | 100.0 | 100.0 |   N/A |   N/A | 100.0 | 1158.1
       Dungeon |  93.4 |  93.4 |   N/A |   N/A |  98.2 | 1326.6
         Sewer |   6.6 |   6.6 |   N/A |   N/A |   1.8 | 295.0
               +-------+-------+-------+-------+-------+----------------------

Action                   |  1- 3 |  4- 6 |  7- 9 | 10-12 || total
-------------------------+-------+-------+-------+-------++-------
Melee: Rapier            |    70 |   269 |   427 |   481 ||  1247
       Bite              |    12 |    79 |   161 |   161 ||   413
       Dagger            |       |       |    42 |       ||    42
Throw: Throwing net      |       |       |     3 |     1 ||     4
       Dart              |       |       |       |    19 ||    19
Invok: Lunge             |       |       |     1 |    15 ||    16
       Whirlwind         |       |       |       |    12 ||    12
 Abil: Wall Jump         |       |       |       |     1 ||     1
Evoke: Wand              |       |       |       |    19 ||    19
  Use: Potion            |     1 |       |     2 |       ||     3
       Scroll            |       |       |    10 |     4 ||    14
 Stab: Sleeping          |       |       |     4 |       ||     4
       Held in net/web   |       |       |     2 |       ||     2
Armor: Scale mail        |    28 |    97 |    53 |       ||   178
       Chain mail        |       |       |    76 |   149 ||   225
       Skin              |       |       |       |     2 ||     2
Dodge: Dodged            |    28 |    70 |    90 |   103 ||   291
Block: Kite shield       |    50 |   139 |   265 |   275 ||   729

Vanquished Creatures
  A centaur warrior (D:11)
  4 two-headed ogres
  Maurice (D:8)
  An unseen horror (D:12)
  A kobold demonologist (D:10)
  Grinder (D:6)
  A hornet (D:7)
  2 wraiths
  10 yaks
  2 steam dragons (D:8)
  An acid dragon (D:10)
  A water moccasin (D:6)
  An ice beast (D:7)
  A sky beast (D:8)
  2 black bears
  A necrophage (D:6)
  A hornet zombie (D:7)
  3 orc warriors
  3 ogres
  4 centaurs
  A phantom (D:4)
  3 kobold brigands
  2 bullfrogs
  A gnoll sergeant (D:9)
  3 scorpions
  An oklob sapling (D:4)
  14 killer bees
  4 wights (D:10)
  3 howler monkeys
  4 electric eels (D:6)
  4 centaur zombies
  2 bullfrog zombies
  3 hounds
  3 jellies
  4 bullfrog skeletons
  3 orc priests
  A gnoll shaman (D:6)
  3 orc wizards
  14 gnolls
  4 river rats
  14 adders
  2 shadow imps
  3 worms
  10 dart slugs
  25 orcs
  13 ball pythons
  7 bats
  10 endoplasms
  2 giant cockroaches
  5 goblins
  8 hobgoblins
  2 jackals (D:2)
  12 kobolds
  4 quokkas
  5 frilled lizards
  3 rats
244 creatures vanquished.

Vanquished Creatures (others)
  6 fungi (D:8)
  17 plants
23 creatures vanquished.

Grand Total: 267 creatures vanquished
